 Dungeon Crawl Stone Soup version 0.29-a0-275-g389c0b56f3 (webtiles) character file.

Game seed: 14802807574201671146

264 PaleWalker the Cudgeller (level 6, 0/40 HPs)
             Began as a Gargoyle Fighter on Mar 10, 2022.
             Was an Initiate of Yredelemnul.
             Slain by a wyvern (3 damage)
             ... on level 4 of the Dungeon.
             The game lasted 00:09:45 (3793 turns).

PaleWalker the Cudgeller (Gargoyle Fighter)         Turns: 3793, Time: 00:09:46

Health: 0/40       AC: 16    Str: 21    XL:     6   Next: 19%
Magic:  6/6        EV:  6    Int:  9    God:    Yredelemnul [......]
Gold:   198        SH:  7    Dex:  9    Spells: 5/5 levels left

rFire   . . .      SeeInvis .   a - +0 flail
rCold   . . .      Faith    .   b - +0 kite shield
rNeg    + . .      Spirit   .   s - +0 chain mail
rPois   ∞          Reflect  .   l - +0 helmet
rElec   +          Harm     .   (no cloak)
rCorr   .          Rampage  .   q - +1 pair of gloves of Ygyren {*Corrode Will++}
Will    ++...                   (no boots)
Stlth   ..........              (no amulet)
HPRegen 0.13/turn               (no ring)
MPRegen 0.10/turn               (no ring)

@: mighty
A: sickness immunity, AC +4, negative energy resistance 1, electricity
resistance, torment resistance 1, petrification resistance
a: Renounce Religion, Recall Undead Harvest


You were on level 4 of the Dungeon.
You worshipped Yredelemnul.
Yredelemnul was noncommittal.
You visited 1 branch of the dungeon, and saw 4 of its levels.

You collected 198 gold pieces.

Inventory:

Hand Weapons
 a - a +0 flail (weapon)
Armour
 b - a +0 kite shield (worn)
 l - a +0 helmet (worn)
 q - the +1 pair of gloves of Ygyren (worn) {*Corrode Will++}
   (You found it on level 2 of the Dungeon)

   *Corrode:  It may corrode you when you take damage.
   Will:      It greatly increases your willpower.
 s - a +0 chain mail (worn)
Scrolls
 c - a scroll of immolation {unknown}
 f - 6 scrolls of identify {unknown}
 g - 2 scrolls of enchant weapon {unknown}
 i - a scroll of vulnerability {unknown}
 k - a scroll of magic mapping {unknown}
 p - 2 scrolls of teleportation {unknown}
 t - a scroll of amnesia {unknown}
 u - a scroll of blinking {unknown}
Potions
 e - 2 potions of attraction {unknown}
 h - a potion of mutation {unknown}
 j - a potion of invisibility {unknown}
 m - a potion of brilliance {unknown}
 n - a potion of haste {unknown}
 o - a potion of resistance {unknown}
 r - a potion of flight {unknown}
 v - a potion of curing {unknown}


   Skills:
 + Level 5.0 Fighting
 * Level 5.3 Maces & Flails
 - Level 3.2 Armour
 - Level 3.2 Shields


You had 5 spell levels left.
You didn't know any spells.
Your spell library contained the following spells:

 Spells                   Type           Power      Damage    Failure   Level
 Gell's Gravitas          Tloc           0%         N/A       100%        3
 Summon Guardian Golem    Hex/Summ       0%         N/A       100%        3
 Teleport Other           Tloc           0%         N/A       100%        3
 Dispersal                Tloc           0%         N/A       100%        6
 Orb of Destruction       Conj           0%         9d5       100%        7
 Spellforged Servitor     Conj/Summ      0%         N/A       100%        7


Dungeon Overview and Level Annotations

Branches:
Dungeon (4/15)
 Temple: D:4-7

Altars:
Fedhas
Yredelemnul


Innate Abilities, Weirdness & Mutations

You are immune to sickness and miasma.
Your stone body is resilient. (AC +4)
You are immune to poison.
You resist negative energy. (rN+)
You are resistant to electric shocks. (rElec)
You are resistant to unholy torment.
You are immune to petrification.


Message History

The wyvern closely misses your hound zombie.
Your jackal zombie closely misses the wyvern.
The wyvern barely misses your hound zombie.
Your hound zombie bites the wyvern but does no damage.
Your jackal zombie closely misses the wyvern.
The wyvern closely misses your hound zombie.
Your hound zombie closely misses the wyvern.
The wyvern bites your hound zombie!!
Your jackal zombie barely misses the wyvern.
Your hound zombie closely misses the wyvern.
The wyvern barely misses your hound zombie.
Your jackal zombie bites the wyvern but does no damage.
Your hound zombie barely misses the wyvern.
The wyvern bites your hound zombie.
Your hound zombie is destroyed!
Your jackal zombie barely misses the wyvern.
The wyvern hisses angrily.
The wyvern bites your jackal zombie!
Your jackal zombie bites the wyvern.
Your jackal zombie barely misses the wyvern.
The wyvern bites your jackal zombie!
Your jackal zombie is destroyed!
You swap places.
The wyvern bites your ball python zombie!!
Your ball python zombie is destroyed!
Your jackal zombie bites the wyvern but does no damage.
Your jackal zombie bites the wyvern.
The wyvern bites your jackal zombie!
Your jackal zombie is destroyed!
The wyvern hisses angrily.
You barely miss the wyvern.
The wyvern is heavily wounded.
The wyvern bites you. The wyvern bites you!
* * * LOW HITPOINT WARNING * * *
You feel very mighty all of a sudden. You block the wyvern's attack.
You sock the wyvern!
The wyvern is almost dead.
The wyvern bites you but does no damage.
The wyvern bites you.
You die...
Your body rises from the dead as a mindless zombie.

##...##>..##
##..........##
#.........>.^#
#............#
#............#
##..........##
###
##....#...##
..####.##.#####
..#..>##@#
#.#.####l#
#.#.# #.#
#...####.#
###......#
###.####.$..#
###Z..#
###....#
##...### ....#
#..### #....


You could see a wyvern.

Vanquished Creatures
  A hound (D:4)
  2 orc priests (D:3)
  An orc wizard (D:4)
  3 gnolls (D:3)
  3 adders
  A dart slug (D:4)
  A worm (D:2)
  7 orcs
  5 endoplasms
  4 giant cockroaches
  6 goblins
  2 hobgoblins
  2 jackals (D:4)
  5 kobolds
  3 quokkas (D:1)
  7 ball pythons
  8 bats
  7 frilled lizards
  6 rats
74 creatures vanquished.

Vanquished Creatures (collateral kills)
  A dart slug (D:4)
  2 orcs (D:3)
  An endoplasm (D:2)
  A hobgoblin (D:4)
5 creatures vanquished.

Vanquished Creatures (others)
  A hound zombie (D:4)
  A ball python zombie (D:4)
  2 frilled lizard zombies (D:3)
  A goblin zombie (D:4)
  A hobgoblin zombie (D:4)
  2 jackal zombies (D:4)
  2 kobold zombies
  4 orc zombies
  A spectral endoplasm (D:3)
  14 fungi (D:4)
  4 plants (D:4)
  4 withered plants (D:2)
37 creatures vanquished.

Grand Total: 116 creatures vanquished

Notes
Turn   | Place    | Note
-------+----------+-------------------------------------------
     0 | D:1      | PaleWalker the Gargoyle Fighter began the quest for the
                  | Orb.
     0 | D:1      | Reached XP level 1. HP: 14/14 MP: 1/1
   292 | D:1      | Reached XP level 2. HP: 14/19 MP: 2/2
   702 | D:1      | Reached XP level 3. HP: 24/24 MP: 3/3
   883 | D:2      | Found a faded altar of an unknown god.
  1133 | D:2      | Prayed at the altar of an unknown god.
  1133 | D:2      | Became a worshipper of Yredelemnul the Dark
  1133 | D:2      | Reached * piety under Yredelemnul
  1284 | D:2      | Identified the +1 pair of gloves of Ygyren {*Corrode
                  | Will++}
  1398 | D:2      | Reached XP level 4. HP: 29/29 MP: 4/4
  2319 | D:3      | Reached XP level 5. HP: 21/34 MP: 5/5
  3205 | D:4      | Reached skill level 5 in Maces & Flails
  3209 | D:4      | HP: 1/34 [orc priest/divine providence (12)]
  3526 | D:4      | Found a blossoming altar of Fedhas.
  3584 | D:4      | Reached XP level 6. HP: 39/40 MP: 6/6
  3771 | D:4      | Noticed a wyvern
  3778 | D:4      | Reached skill level 5 in Fighting
  3791 | D:4      | HP: 2/40 [wyvern (11)]
  3793 | D:4      | Slain by a wyvern

Illustrated notes

Levels and vault maps discovered:
D:1:      co_arrival_square_in_a_square_in_a_square, layout_rooms,
          minmay_unequal
D:2:      layout_basic, serial_rivers, chequers_serial_rivers_room_a,
          chequers_serial_rivers_room_b, chequers_serial_rivers_small_a,
          chequers_serial_rivers_micro_e, chequers_serial_rivers_small_3,
          ebering_ecumenical_altar_petrified, lightli_corner_chamber
D:3:      layout_basic, serial_co_window_serial, co_window_corner_a,
          co_window_paths_b, co_window_paths_a, co_window_corner_a,
          co_window_of_opportunity_a, co_window_paths_a, co_window_broadway_c,
          co_window_unsneaky_path_a, co_window_broadway_c, co_window_corner_cb,
          co_window_2corner, co_window_paths_c, co_window_unsneaky_path_a,
          glass_columns_a
D:4:      cheibrodos_pilgrimage, layout_rooms, fedhas_altar_3

Skill      XL: |  1  2  3  4  5  6 |
---------------+-------------------+-----
Maces & Flails | 3 4 5 |  5.3
Fighting       | 4 5 |  5.0
Armour         | |  3.2
Shields        | |  3.2

Action                   |  1- 3 |  4- 6 || total
-------------------------+-------+-------++-------
Melee: Flail             |   133 |   174 ||   307
  Use: Potion            |       |     1 ||     1
Armor: Scale mail        |    72 |       ||    72
       Chain mail        |     7 |   110 ||   117
Dodge: Dodged            |    68 |    45 ||   113
Block: Buckler           |    27 |       ||    27
       Kite shield       |       |    68 ||    68

Table legend: (Time is in decaauts)
 A = Elapsed time spent in this place.
 B = Non-inter-level travel time spent in this place.
 C = Inter-level travel time spent in this place.
 D = Time resting spent in this place.
 E = Time spent auto-exploring this place.
 F = Levels seen in this place.
 G = Mean time per level.
                   A        B        C        D        E       F      G
               +--------+--------+--------+--------+--------+-----+--------+
         Total |   3898 |   3821 |     77 |    457 |   2475 |   4 |  974.5 |
       Dungeon |   3898 |   3821 |     77 |    457 |   2475 |   4 |  974.5 |
               +--------+--------+--------+--------+--------+-----+--------+

Top non-repeatable levels by time:
     D:3: 1751 daAuts
     D:1: 898 daAuts
     D:2: 874 daAuts
     D:4: 374 daAuts
